 Dungeon Crawl Stone Soup version 0.29-a0-284-gf9362112df (webtiles) character file.

Game seed: 15193729526211860751

1387 spaghetti the Tainted (level 8, -3/52 HPs)
             Began as a Demonspawn Enchanter on Mar 25, 2022.
             Was an Initiate of Yredelemnul.
             Killed by nerve-wracking pain
             ... invoked by an orc priest
              (7 damage)
             ... on level 7 of the Dungeon.
             The game lasted 00:17:18 (7217 turns).

spaghetti the Tainted (Demonspawn Enchanter)        Turns: 7217, Time: 00:17:19

Health: -3/52      AC:  8    Str:  9    XL:     8   Next: 40%
Magic:  7/12       EV: 13    Int: 16    God:    Yredelemnul [......]
Gold:   293        SH:  0    Dex: 22    Spells: 3/11 levels left

rFire   x . .      SeeInvis .   a - +2 dagger {short}
rCold   + + .      Faith    .   (no shield)
rNeg    . . .      Spirit   .   k - +1 leather armour {rC+}
rPois   .          Reflect  .   (no helmet)
rElec   .          Harm     .   s - +0 cloak
rCorr   .          Rampage  .   j - +0 pair of gloves
Will    .....      Clarity  +   (no boots)
Stlth   +++.......              (no amulet)
HPRegen 0.17/turn               d - +6 ring of dexterity
MPRegen 0.13/turn               x - ring of ice

@: no status effects
A: hooves 1, yellow scales 1, demonic guardian 2, clarity, mutation resistance
1, MP-powered wands
a: Renounce Religion, Recall Undead Harvest


You were on level 7 of the Dungeon.
You worshipped Yredelemnul.
Yredelemnul was noncommittal.
You visited 1 branch of the dungeon, and saw 7 of its levels.

You collected 293 gold pieces.


Innate Abilities, Weirdness & Mutations

You have large cloven feet.
You are partially covered in yellow scales. (AC +2)
A demonic guardian rushes to your aid.
You possess an exceptional clarity of mind.
You are somewhat resistant to further mutation.
You expend magic power (3 MP) to strengthen your wands.


   Skills:
 + Level 3.2 Short Blades
 * Level 3.0 Dodging
 + Level 4.5 Stealth
 - Level 2.0 Spellcasting
 - Level 5.0 Hexes
 - Level 4.0 Ice Magic
 + Level 2.9 Earth Magic
 * Level 6.0 Invocations


You had 3 spell levels left.
You knew the following spells:

 Your Spells              Type           Power      Damage    Failure   Level
a - Ensorcelled Hibernat  Hex/Ice        48%        N/A       7%          2
b - Tukima's Dance        Hex            17%        N/A       11%         3
c - Slow                  Hex            68%        N/A       3%          1
d - Passwall              Tmut/Erth      5%         N/A       24%         2

Your spell library contained the following spells:

 Spells                   Type           Power      Damage    Failure   Level
 Confusing Touch          Hex            17%        N/A       11%         3
 Shock                    Conj/Air       4%         1d3       28%         1
 Dazzling Flash           Conj/Hex       18%        N/A       30%         3
 Sublimation of Blood     Necr           1%         N/A       41%         2
 Wereblood                Tmut           1%         N/A       41%         2
 Swiftness                Air            1%         N/A       65%         3
 Vampiric Draining        Necr           1%         2d6       65%         3
 Airstrike                Air            0%         N/A       96%         4
 Summon Hydra             Summ           0%         N/A       100%        7

Inventory:

Hand Weapons
 a - a +2 dagger (weapon) {short}
 b - a +2 club {mace}
   (You took it off Ijyb on level 3 of the Dungeon)
 p - a +2 long sword of freezing {long}
   (You found it on level 2 of the Dungeon)
 q - a +2 quarterstaff of chaos {staff}
   (You took it off Crazy Yiuf on level 2 of the Dungeon)
Missiles
 f - 264 stones (quivered) {throwing}
 h - 7 boomerangs {throwing}
 i - 15 poisoned darts {throwing}
 l - 4 javelins {throwing}
Armour
 j - a +0 pair of gloves (worn)
   (You found it on level 1 of the Dungeon)
 k - a +1 leather armour of cold resistance (worn)
   (You found it on level 1 of the Dungeon)
 s - a +0 cloak (worn)
   (You took it off Crazy Yiuf on level 2 of the Dungeon)
Jewellery
 d - a +6 ring of dexterity (left hand)
   (You found it on level 1 of the Dungeon)
 x - a ring of ice (right hand)
   (You took it off a hobgoblin on level 4 of the Dungeon)
 y - a +6 ring of intelligence
   (You took it off an orc on level 5 of the Dungeon)
Wands
 e - a wand of digging (2)
   (You took it off Ijyb on level 3 of the Dungeon)
 w - a wand of charming (2)
   (You took it off a hobgoblin on level 4 of the Dungeon)
Scrolls
 m - 3 scrolls of teleportation {@r4}
 u - a scroll of acquirement
Potions
 c - 2 potions of invisibility
 g - a potion of brilliance
 n - 2 potions of attraction {!q}
 r - 7 potions of curing {@q1}
 t - a potion of ambrosia
 v - a potion of mutation {!q}
 z - a potion of resistance
 A - a potion of lignification {!q}

Dungeon Overview and Level Annotations

Branches:
Dungeon (7/15)             Temple (0/1) D:4

Altars:
Cheibriados
Dithmenos
Gozag
Yredelemnul

Annotations:
D:6 Pikel

## #.
.#######.o
.........#
o..^...<#
........#
##......#
#...4...##
##o@......#
#.o<......#
#...##.....#
#.... ##...#
#....# #.#
#.... #
#..##. .##
#.


You could see 2 orc priests, 2 orcs and a friendly hellwing (summoned).


Message History

😱 HP[-4]
You take 4 damage, and now have 11/52 hp.
You barely miss the hound. Your kick misses the hound.
The hound bites you but does no damage. 😱 MP[+1]
You hit the hound. You kick the hound.
You kill the hound!
A black mist starts to gather...
Your Dodging skill increases to level 3!
Your Invocations skill increases to level 6!
What are your orders? t - Shout!
Orders for allies: a - Attack new target. p - Attack previous target. r - Retreat! s - Stop attacking. g - Guard the area. f - Follow me.
Anything else - Cancel.
Gang up on whom?
Press: ? - help, Dir - move target, f - lemure, p - orc warrior
Aim: a lemure (lightly wounded, ally target) Attack! 😱 HP[+1]
You feel yourself slow down.
Your hound zombie bites the lemure.
The lemure hits your hound zombie! What are your orders? t - Shout!
Orders for allies: a - Attack new target. p - Attack previous target. r - Retreat! s - Stop attacking. g - Guard the area. f - Follow me.
Anything else - Cancel.
Gang up on whom?
Press: ? - help, Dir - move target, f/p - lemure
Aim: a lemure (lightly wounded, ally target) Attack!
Your hound zombie closely misses the lemure.
The lemure hits your hound zombie.
Your hound zombie bites the lemure.
Your orc warrior hits the lemure with a +0 flail.
The lemure hits your hound zombie.
Your hound zombie bites the lemure.
Your hound zombie closely misses the lemure.
Your orc warrior hits the lemure with a +0 flail!
The lemure closely misses your hound zombie.
Your hound zombie bites the lemure.
Your orc warrior hits the lemure with a +0 flail!
The lemure dies! 😱 HP[+1] MP[+1]
What are your orders? t - Shout!
Orders for allies: a - Attack new target. r - Retreat! s - Stop attacking. g - Guard the area. f - Follow me.
Anything else - Cancel.
Retreat in which direction?
Press: ? - help, Dir - move target Fall back! 😨 HP[+1] 😨 MP[+1]
There is a stone staircase leading down, spattered with blood here. 😨 HP[+1]
What are your orders? t - Shout!
Orders for allies: a - Attack new target. r - Retreat! s - Stop attacking. g - Guard the area. f - Follow me.
Anything else - Cancel.
Retreat in which direction?
Press: ? - help, Dir - move target Fall back!
Unknown command. 😨 MP[+1]
You now have 293 gold pieces (gained 16). 😨 HP[+1] 😨 HP[+1] MP[+1]
What are your orders? t - Shout!
Orders for allies: a - Attack new target. r - Retreat! s - Stop attacking. g - Guard the area. f - Follow me.
Anything else - Cancel.
Retreat in which direction?
Press: ? - help, Dir - move target Fall back!
f - 264 stones {throwing} (gained 19)
The orc warrior is no longer charmed.
The orc warrior hits your hound zombie with a +0 flail! 😨 HP[+1] Unknown command. 😨 MP[+1] 😨 HP[+1] 😨 MP[+1] 😨 HP[+1]
There is a stone staircase leading down, spattered with blood here.
You climb downwards.
The orc priest calls down the wrath of Beogh upon you.
Beogh smites you!
* * * LOW HITPOINT WARNING * * *
A demonic guardian appears!
The orc hits you but does no damage. The orc barely misses you.
The orc priest calls down the wrath of Beogh upon you.
Pain shoots through your body!
You die...
Your body rises from the dead as a mindless zombie.

Skill      XL: |  1  2  3  4  5  6  7  8 |
---------------+-------------------------+-----
Hexes          | 4 5 |  5.0
Ice Magic      | 1 2 3 4 |  4.0
Short Blades   | 1 2 3 |  3.2
Stealth        | 3 4 |  4.5
Invocations    | 2 3 5 6 |  6.0
Earth Magic    | 1 2 |  2.9
Dodging        | 2 3 |  3.0
Spellcasting   | |  2.0

Action                   |  1- 3 |  4- 6 |  7- 9 || total
-------------------------+-------+-------+-------++-------
Melee: Dagger            |   137 |   118 |    92 ||   347
       Punch             |     2 |       |     1 ||     3
       Kick              |       |       |    11 ||    11
 Cast: Ensorcelled Hiber |     8 |    18 |    19 ||    45
       Slow              |     1 |       |     8 ||     9
       Tukima's Dance    |       |       |     9 ||     9
       Passwall          |       |       |     1 ||     1
Evoke: Wand              |       |       |     6 ||     6
  Use: Scroll            |     1 |     9 |     1 ||    11
       Potion            |     1 |     3 |     3 ||     7
 Stab: Sleeping          |    10 |    18 |     5 ||    33
Armor: Robe              |    36 |       |       ||    36
       Leather armour    |    22 |    37 |    42 ||   101
Dodge: Dodged            |    93 |    80 |    66 ||   239

Levels and vault maps discovered:
D:1:      dpeg_arrival_boxorama, layout_basic
D:2:      layout_basic, dreamdust_ecumenical_altar_grove,
          uniq_crazy_yiuf_cottage
D:3:      layout_basic, portal_sewer_entry_f, hex_tiny, minmay_box_of_dots,
          uniq_ijyb
D:4:      layout_loops_ring, minmay_temple_entry_large_hall, fountainhead,
          uniq_sigmund
D:5:      layout_basic, mainiacjoe_overflow_chevrons,
          mainiacjoe_overflow_divided_tiny, minivault_25, uniq_grinder
D:6:      layout_cave_pods, nicolae_underground_beach, uniq_pikel
D:7:      layout_layer_cave, minmay_manual_mail, uniq_joseph

Notes
Turn   | Place    | Note
-------+----------+-------------------------------------------
     0 | D:1      | spaghetti the Demonspawn Enchanter began the quest for the
                  | Orb.
     0 | D:1      | Reached XP level 1. HP: 13/13 MP: 3/3
     0 | D:1      | magus.rc [v1.9.6]
   441 | D:1      | Gained mutation: You are partially covered in yellow
                  | scales. (AC +2) [demonic ancestry]
   441 | D:1      | Reached XP level 2. HP: 11/19 MP: 5/5
   939 | D:1      | You pick up a book of Debilitation and begin reading...
   939 | D:1      | You add the spells Slow and Vampiric Draining to your
                  | library.
   959 | D:1      | Reached skill level 4 in Hexes
  1079 | D:1      | Learned a level 2 spell: Ensorcelled Hibernation
  1184 | D:1      | Gained mutation: A weak demonic guardian rushes to your
                  | aid. [demonic ancestry]
  1184 | D:1      | Reached XP level 3. HP: 19/24 MP: 1/6
  1648 | D:2      | Reached skill level 1 in Ice Magic
  1658 | D:2      | Learned a level 3 spell: Tukima's Dance
  1660 | D:2      | Learned a level 1 spell: Slow
  1812 | D:2      | Found a runed translucent door.
  1813 | D:2      | Noticed Crazy Yiuf
  2198 | D:2      | Found a faded altar of an unknown god.
  2212 | D:2      | Reached skill level 1 in Short Blades
  2219 | D:2      | Prayed at the altar of an unknown god.
  2219 | D:2      | Became a worshipper of Yredelemnul the Dark
  2219 | D:2      | Reached * piety under Yredelemnul
  2368 | D:2      | You pick up a book of Burglary and begin reading...
  2368 | D:2      | You add the spells Passwall and Swiftness to your library.
  2658 | D:2      | HP: 4/24 [Crazy Yiuf/+2 quarterstaff of chaos (10)]
  2661 | D:2      | Killed Crazy Yiuf
  2662 | D:2      | Reached XP level 4. HP: 5/30 MP: 2/7
  2965 | D:3      | Gained mutation: You are clumsy. (Dex -2) [potion of
                  | mutation]
  2965 | D:3      | Gained mutation: You have a pair of small horns on your
                  | head. [potion of mutation]
  2965 | D:3      | Gained mutation: You possess an exceptional clarity of
                  | mind. [potion of mutation]
  2966 | D:3      | Lost mutation: You have a pair of small horns on your head.
                  | [potion of mutation]
  2966 | D:3      | Lost mutation: You are clumsy. (Dex -2) [potion of
                  | mutation]
  2966 | D:3      | Gained mutation: You expend magic power (3 MP) to
                  | strengthen your wands. [potion of mutation]
  2966 | D:3      | Gained mutation: You are somewhat resistant to further
                  | mutation. [potion of mutation]
  3003 | D:3      | You pick up a book of Burglary and begin reading...
  3025 | D:3      | Noticed Ijyb
  3044 | D:3      | Killed Ijyb
  3045 | D:3      | Reached skill level 3 in Stealth
  3045 | D:3      | Reached skill level 2 in Ice Magic
  3248 | D:3      | You pick up a book of Blood and begin reading...
  3248 | D:3      | You add the spells Sublimation of Blood, Wereblood and
                  | Summon Hydra to your library.
  3552 | D:3      | Gained mutation: A demonic guardian rushes to your aid.
                  | [demonic ancestry]
  3552 | D:3      | Reached XP level 5. HP: 28/35 MP: 5/8
  3819 | D:3      | Reached ** piety under Yredelemnul
  3871 | D:3      | Reached skill level 1 in Invocations
  3955 | D:3      | Reached skill level 1 in Earth Magic
  4118 | D:4      | Identified a scroll of acquirement
  4152 | D:4      | Reached skill level 2 in Invocations
  4152 | D:4      | Reached XP level 6. HP: 22/41 MP: 2/9
  4296 | D:4      | Reached skill level 3 in Ice Magic
  4456 | D:4      | Reached skill level 2 in Short Blades
  4586 | D:4      | You pick up a book of Air and begin reading...
  4586 | D:4      | You add the spells Shock and Airstrike to your library.
  4676 | D:4      | Noticed Sigmund
  4678 | D:4      | Found a staircase to the Ecumenical Temple.
  4683 | D:4      | Killed Sigmund
  4684 | D:4      | Reached skill level 3 in Invocations
  4684 | D:4      | Reached XP level 7. HP: 46/46 MP: 7/10
  5066 | D:5      | Entered Level 5 of the Dungeon
  5147 | D:5      | Reached skill level 5 in Hexes
  5147 | D:5      | Reached skill level 2 in Earth Magic
  5147 | D:5      | Reached skill level 4 in Invocations
  5581 | D:5      | Found a snail-covered altar of Cheibriados.
  5581 | D:5      | Found an opulent altar of Gozag.
  5629 | D:5      | Found a shadowy altar of Dithmenos.
  5632 | D:5      | HP: 6/46 [ogre/+0 giant spiked club (24)]
  6132 | D:5      | Reached skill level 4 in Stealth
  6141 | D:5      | Reached skill level 4 in Ice Magic
  6351 | D:5      | Learned a level 2 spell: Passwall
  6383 | D:5      | Noticed Grinder
  6398 | D:5      | Killed Grinder
  6399 | D:5      | Reached skill level 2 in Dodging
  6399 | D:5      | Reached skill level 5 in Invocations
  6399 | D:5      | Gained mutation: You have large cloven feet. [demonic
                  | ancestry]
  6399 | D:5      | Reached XP level 8. HP: 14/52 MP: 4/11
  6400 | D:5      | Reached skill level 3 in Short Blades
  7068 | D:6      | Noticed Pikel
  7106 | D:7      | HP: 2/52 [orc priest/divine providence (13)]
  7131 | D:6      | HP: 7/52 [hound (1)]
  7163 | D:6      | HP: 11/52 [hound (4)]
  7166 | D:6      | Reached skill level 3 in Dodging
  7166 | D:6      | Reached skill level 6 in Invocations
  7217 | D:7      | HP: 4/52 [orc priest/divine providence (16)]
  7217 | D:7      | Killed from afar by an orc priest

Vanquished Creatures
  Sigmund (D:4)
  A phantom (D:5)
  3 scorpions
  A howler monkey (D:5)
  4 hounds
  A jelly (D:5)
  2 iguanas (D:4)
  2 orc wizards
  6 adders
  A gnoll (D:4)
  A dart slug (D:1)
  10 orcs
  2 endoplasms
  5 giant cockroaches
  8 goblins
  5 hobgoblins
  7 quokkas
  6 ball pythons
  7 bats
  2 frilled lizards
  12 kobolds
  5 rats
92 creatures vanquished.

Vanquished Creatures (collateral kills)
  Grinder (D:5)
  2 ogres (D:5)
  A lemure (D:6)
  Crazy Yiuf (D:2)
  Ijyb (D:3)
  3 iguanas
  2 gnolls (D:4)
  A white imp (D:5)
  An ufetubus (D:5)
  3 orcs
  An endoplasm (D:2)
  2 giant cockroaches
  2 hobgoblins
  A frilled lizard (D:3)
  A kobold (D:3)
  A rat (D:3)
24 creatures vanquished.

Vanquished Creatures (others)
  A dancing weapon (D:6)
  An ogre zombie (D:5)
  3 adder zombies
  An iguana zombie (D:4)
  A bat zombie (D:3)
  A kobold zombie (D:3)
  An orc zombie (D:4)
  A spectral endoplasm (D:2)
  5 fungi (D:5)
  5 plants (D:2)
20 creatures vanquished.

Grand Total: 136 creatures vanquished

Table legend:
 A = Non-vault XP
 B = Vault XP
 C = Vault XP percentage of total XP
 D = Non-vault monster count
 E = Vault monster count
 F = Vault count percentage of total count
                 A         B        C        D         E       F
            +---------+---------+-------+---------+---------+-------
      Total |    1393 |     589 |  29.7 |     105 |      10 |   8.7
            +---------+---------+-------+---------+---------+-------
        D:1 |      45 |       0 |   0.0 |      26 |       0 |   0.0
        D:2 |      41 |      42 |  50.6 |      18 |       1 |   5.3
        D:3 |     103 |      49 |  32.2 |      19 |       7 |  26.9
        D:4 |     359 |     226 |  38.6 |      22 |       1 |   4.3
        D:5 |     724 |     272 |  27.3 |      18 |       1 |   5.3
        D:6 |     121 |       0 |   0.0 |       2 |       0 |   0.0
            +---------+---------+-------+---------+---------+-------

Illustrated notes

Table legend:
 A = Kills in this place as a percentage of kills in entire the game.
 B = Kills by you in this place as a percentage of kills by you in the entire game.
 C = Kills by friends in this place as a percentage of kills by friends in the entire game.
 D = Other kills in this place as a percentage of other kills in the entire game.
 E = Experience gained in this place as a percentage of experience gained in the entire game.
 F = Experience gained in this place divided by the number of levels of this place that you have seen.
                   A       B       C       D       E      F
               +-------+-------+-------+-------+-------+----------------------
         Total | 100.0 | 100.0 | 100.0 |   N/A | 100.0 | 283.1
       Dungeon | 100.0 | 100.0 | 100.0 |   N/A | 100.0 | 283.1
               +-------+-------+-------+-------+-------+----------------------

Table legend: (Time is in decaauts)
 A = Elapsed time spent in this place.
 B = Non-inter-level travel time spent in this place.
 C = Inter-level travel time spent in this place.
 D = Time resting spent in this place.
 E = Time spent auto-exploring this place.
 F = Levels seen in this place.
 G = Mean time per level.
                   A        B        C        D        E       F      G
               +--------+--------+--------+--------+--------+-----+--------+
         Total |   7173 |   6881 |    292 |   1157 |   4550 |   7 | 1024.7 |
       Dungeon |   7173 |   6881 |    292 |   1157 |   4550 |   7 | 1024.7 |
               +--------+--------+--------+--------+--------+-----+--------+

Top non-repeatable levels by time:
     D:5: 1883 daAuts
     D:1: 1628 daAuts
     D:2: 1303 daAuts
     D:3: 1166 daAuts
     D:4: 955 daAuts
     D:6: 232 daAuts
     D:7: 2 daAuts
